 Dungeon Crawl Stone Soup version 0.30.1-11-g7821555f0a (webtiles) character file.

Game seed: 6539409247780578776

44 bnorton916 the Firebug (level 3, -16/19 HPs)
             Began as a Deep Elf Fire Elementalist on Dec 1, 2023.
             Killed by an exploding kobold (22 damage)
             ... ignited by their inner flame
             ... on level 2 of the Dungeon.
             The game lasted 00:02:23 (2083 turns).

bnorton916 the Firebug (Deep Elf Fire Elementalist) Turns: 2083, Time: 00:02:24

Health: -16/19     AC:  3    Str:  5    XL:     3   Next: 39%
Magic:  2/10       EV: 12    Int: 21    God:
Gold:   232        SH:  0    Dex: 15    Spells: 6/9 levels left

rFire   . . .        (no weapon)
rCold   . . .        (no shield)
rNeg    . . .        a - +1 robe
rPois   .            (no helmet)
rElec   .            (no cloak)
rCorr   .            (no gloves)
SInv    .            (no boots)
Will    .....        (no amulet)
Stlth   ++           (no ring)
HPRegen 0.23/turn    (no ring)
MPRegen 0.12/turn

%: no passive effects
@: no status effects
A: no striking features
a: no special abilities


You were on level 2 of the Dungeon.
You visited 1 branch of the dungeon, and saw 3 of its levels.

You collected 232 gold pieces.

Inventory:

Armour
 a - a +1 robe (worn)
Scrolls
 d - 5 scrolls of identify {unknown}
 h - a scroll of enchant armour
 i - 2 scrolls of vulnerability {unknown}
Potions
 b - a potion of magic
 e - a potion of lignification {unknown}
 f - 2 potions of attraction {unknown}
 g - a potion of haste {unknown}
 j - 3 potions of curing {unknown}


   Skills:
 - Level 2.4 Dodging
 - Level 2.4 Stealth
 + Level 3.9 Spellcasting
 + Level 2.3 Conjurations
 + Level 3.9 Fire Magic


You had 6 spell levels left.
You knew the following spells:

 Your Spells              Type           Power      Damage    Failure   Level
a - Foxfire               Conj/Fire      68%        2x1d7     3%          1
b - Scorch                Fire           40%        2d6       3%          2

Your spell library contained the following spells:

 Spells                   Type           Power      Damage    Failure   Level
 Inner Flame              Hex/Fire       12%        N/A       16%         3
 Volatile Blastmotes      Fire/Tloc      24%        2d12      16%         3
 Flame Wave               Conj/Fire      17%        2d7       32%         4


Dungeon Overview and Level Annotations

Branches:
Dungeon (3/15)

Altars:

Shops:
D:1 *??((


Message History

The orc hits you from afar with a +0 trident.
The orc barely misses you.
Casting: Scorch (safe; 3% risk of failure)
Confirm with . or Enter, or press ? or * to list all spells.
You don't have enough magic to cast this spell.
As you read the scroll labelled AZE GOCRELIA, it crumbles to dust.
The creatures around you are filled with an inner flame!
It was a scroll of immolation.
The orc hits you from afar with a +0 trident!
Found 15 gold pieces.
As you read the scroll labelled YCEG CUOCW, it crumbles to dust.
It is a scroll of enchant armour.
Your +0 robe glows green for a moment.
Found a stone staircase leading up.
Okay, then.
Unknown command.
The kobold attacks as you move away!
The kobold hits you with a +0 short sword.
An adder comes into view.
A kobold comes into view. It is wielding a +0 short sword.
The kobold attacks as you move away!
The kobold hits you with a +0 short sword.
The kobold throws a stone.
The stone completely misses you.
The stone hits the kobold but does no damage.
You see here 15 gold pieces.
There is a stone staircase leading up here.
The kobold hits you with a +0 short sword.
You climb upwards.
Found 10 gold pieces.
There is a stone staircase leading down here.
Casting: Scorch (safe; 3% risk of failure)
Confirm with . or Enter, or press ? or * to list all spells.
You conjure some foxfire!
The kobold hits you with a +0 short sword.
The foxfire hits the kobold but does no damage.
The foxfire hits the kobold.
The kobold explodes!
The fiery explosion engulfs you!!
Ouch! That really hurt!
You die...

##..# r...
###...#
..... $...
#..# #.§#
#@§# ##§#
§# .# .#
#.# .# #.#
.#.#
#.####+#.##
#.##......#


You could see a rat (asleep).

Vanquished Creatures
  A dart slug (D:2)
  7 orcs
  7 ball pythons (D:1)
  A bat (D:1)
  3 endoplasms
  A giant cockroach (D:1)
  3 goblins
  A quokka (D:1)
  5 frilled lizards
  3 kobolds
  A rat (D:1)
33 creatures vanquished.

Vanquished Creatures (others)
  136 foxfires
136 creatures vanquished.

Grand Total: 169 creatures vanquished

Notes
Turn   | Place    | Note
-------+----------+-------------------------------------------
     0 | D:1      | bnorton916 the Deep Elf Fire Elementalist began the quest
                  | for the Orb.
     0 | D:1      | Reached XP level 1. HP: 10/10 MP: 6/6
   129 | D:1      | Found Lahitiaz's Magic Scroll Emporium.
   321 | D:1      | Found Qeruc's Weapon Shop.
   525 | D:1      | Reached XP level 2. HP: 15/15 MP: 5/8
   810 | D:1      | Found Valuxus's Magic Scroll Boutique.
  1365 | D:1      | Found Borphu's Assorted Antiques.
  1453 | D:1      | Found Xeeluiss's Weapon Shop.
  1687 | D:2      | Learned a level 2 spell: Scorch
  1847 | D:2      | Found a faded altar of an unknown god.
  1887 | D:2      | Reached XP level 3. HP: 19/19 MP: 7/10
  2083 | D:2      | Killed by an exploding kobold... ignited by their inner
                  | flame

Illustrated notes

Levels and vault maps discovered:
D:1:      lemuel_arrival_funnel, layout_loops_ring, serial_shops, shop,
          shop_coins, shop, shop, nicolae_shop_stone
D:2:      cheibrodos_greedy_goblins, layout_basic, basic_altar,
          hellmonk_ecumenical_altar_crossroads
D:3:      layout_loops_ring, minmay_tree_intersection, minmay_door_square

Skill      XL: |  1  2 |
---------------+-------+-----
Conjurations   | 2 |  2.3
Dodging        | |  2.4
Stealth        | |  2.4
Spellcasting   | |  3.9
Fire Magic     | |  3.9

Action                     || total
---------------------------++-------
   Cast: Foxfire           ||    89
         Scorch            ||     6
    Use: Scroll            ||     2
 Armour: Robe              ||     3
  Dodge: Dodged            ||     9
